 Dungeon Crawl Stone Soup version 0.30-a0-1085-g990a428a5c (webtiles) character file.

Game seed: 11374898525947729359

190 voltaire321 the Caller (level 5, 0/38 HPs)
             Began as a Merfolk Summoner on Apr 16, 2023.
             Killed from afar by an orc wizard (5 damage)
             ... with a magic dart
             ... on level 3 of the Dungeon.
             The game lasted 00:06:17 (1930 turns).

voltaire321 the Caller (Merfolk Summoner)           Turns: 1930, Time: 00:06:18

Health: 0/38       AC:  9    Str: 10    XL:     5   Next: 69%
Magic:  9/9        EV: 12    Int: 10    God:
Gold:   52         SH:  0    Dex: 20    Spells: 3/9 levels left

rFire   . . .      SeeInvis .    n - +2 hammer of the Kidney {elec, Int-4 Dex+5 Stlth+}
rCold   . . .      Faith    .    (no shield)
rNeg    . . .      Spirit   .    j - +1 ring mail {rPois}
rPois   +          Reflect  .    (no helmet)
rElec   .          Rampage  .    c - +2 cloak
rCorr   .                        (no gloves)
Will    .....                    (no boots)
Stlth   +++                      (no amulet)
HPRegen 0.26/turn                (no ring)
MPRegen 0.11/turn                (no ring)

@: lethally poisoned (0 -> -2)
A: (nimble swimmer 2), mertail
a: no special abilities


You were on level 3 of the Dungeon.
You visited 1 branch of the dungeon, and saw 3 of its levels.

You collected 52 gold pieces.

Inventory:

Hand Weapons
 n - the +2 hammer of the Kidney (weapon) {elec, Int-4 Dex+5 Stlth+}
   (You found it on level 2 of the Dungeon)

   Int:       It affects your intelligence (-4).
   Dex:       It affects your dexterity (+5).
   Stlth:     It makes you more stealthy.
Armour
 c - a +2 cloak (worn)
 j - a +1 ring mail of poison resistance (worn)
Scrolls
 g - 3 scrolls of identify {unknown}
 h - 3 scrolls of teleportation {unknown}
 k - a scroll of butterflies {unknown}
 l - a scroll of blinking {unknown}
 m - a scroll of fear {unknown}
 o - 2 scrolls of enchant armour {unknown}
 q - a scroll of immolation {unknown}
Potions
 a - 2 potions of cancellation
 b - a potion of magic
 d - 2 potions of might {unknown}
 e - a potion of flight {unknown}
 f - 2 potions of curing {unknown}
 i - a potion of heal wounds {unknown}
 p - 2 potions of haste


   Skills:
 + Level 2.1 Fighting
 * Level 2.0 Armour
 + Level 3.9 Dodging
 - Level 2.1 Stealth
 + Level 2.7 Spellcasting
 + Level 4.6 Summonings


You had 3 spell levels left.
You knew the following spells:

 Your Spells              Type           Power      Damage    Failure   Level
a - Call Imp              Summ           20%        N/A       17%         2
b - Summon Small Mammal   Summ           40%        N/A       11%         1
c - Call Canine Familiar  Summ           10%        N/A       32%         3

Your spell library contained the following spells:

 Spells                   Type           Power      Damage    Failure   Level
 Summon Guardian Golem    Hex/Summ       5%         N/A       65%         3
 Summon Lightning Spire   Summ/Air       5%         N/A       96%         4


Dungeon Overview and Level Annotations

Branches:
Dungeon (3/15)

Altars:


Innate Abilities, Weirdness & Mutations

((You are very nimble when in or above water. (Stealth+, EV+, Speed+++)))
Your lower body shifts to a powerful aquatic tail in water.


Message History

Something barely misses you.
The giant cockroach bites you but does no damage.
It was a potion of haste.
You feel yourself speed up.
You feel sick.
Your cerulean imp hits the giant cockroach but does no damage.
Something hits you but does no damage.
The giant cockroach bites you but does no damage.
Are you sure you want to stumble around while confused and next to your cerulean imp? [Y]es or [N]o only, please.
Are you sure you want to stumble around while confused and next to your cerulean imp? [Y]es or [N]o only, please.
Are you sure you want to stumble around while confused and next to your cerulean imp?
Okay, then.
You feel sick.
Your cerulean imp hits the giant cockroach but does no damage.
Something hits you.
The giant cockroach completely misses you.
You feel sick.
Your cerulean imp hits the giant cockroach but does no damage.
You feel sick.
The giant cockroach bites you but does no damage.
You hear some strange, mumbled words.
A magic dart appears from out of thin air!
The magic dart hits you!
* * * LOW HITPOINT WARNING * * *
Are you sure you want to stumble around while confused and next to your cerulean imp?
You completely miss something. The giant cockroach closely misses you.
Your cerulean imp closely misses the giant cockroach.
Something hits you but does no damage.
Are you sure you want to stumble around while confused and next to your cerulean imp?
Okay, then.
It was a potion of cancellation.
Your magical effects are unravelling.
You feel magically purged.
You feel yourself slow down.
You feel less confused.
You feel sick. The giant cockroach barely misses you.
Your cerulean imp hits the giant cockroach but does no damage.
You hear some strange, mumbled words.
A magic dart appears from out of thin air!
The magic dart hits you.
You die...

######### ####
#.......# ...
#.#####.#######..#
####..........<..#.#
........##.####..†#
#.<....#.......5@.#
...........####B){#
.................#.#
......####.####..#..#
....).####[# #..$ ...
..).........
.....##?#
....######## ##.###
.# ......(..# #.# .
...#####.#


You could see a giant cockroach (ally target) and a friendly cerulean imp
(summoned).

Vanquished Creatures
  An orc priest (D:2)
  Natasha (D:2)
  An orc wizard (D:3)
  Robin (D:2)
  An adder (D:2)
  A dart slug (D:2)
  3 orcs (D:3)
  3 endoplasms
  A giant cockroach (D:3)
  4 goblins (D:2)
  2 hobgoblins (D:2)
  A jackal (D:1)
  A kobold (D:1)
  A ball python (D:2)
  4 frilled lizards
  2 rats (D:1)
28 creatures vanquished.

Vanquished Creatures (collateral kills)
  Crazy Yiuf (D:2)
  An orc (D:2)
  2 ball pythons
  2 endoplasms
  2 giant cockroaches
  6 goblins (D:2)
  2 hobgoblins
  A jackal (D:1)
  A kobold (D:2)
  2 quokkas (D:1)
  3 bats
  2 frilled lizards (D:2)
  4 rats
29 creatures vanquished.

Grand Total: 57 creatures vanquished

Notes
Turn   | Place    | Note
-------+----------+-------------------------------------------
     0 | D:1      | voltaire321 the Merfolk Summoner began the quest for the
                  | Orb.
     0 | D:1      | Reached XP level 1. HP: 13/13 MP: 3/3
   411 | D:1      | Reached XP level 2. HP: 20/20 MP: 1/5
   414 | D:1      | Learned a level 2 spell: Call Imp
   957 | D:2      | Reached skill level 1 in Fighting
   987 | D:2      | Reached XP level 3. HP: 26/26 MP: 3/6
  1341 | D:2      | Identified the +0 helmet "Atufrac" {-Tele rF+ Str+5 Stlth+}
  1341 | D:2      | Noticed Robin
  1363 | D:2      | Reached skill level 1 in Armour
  1374 | D:2      | Killed Robin
  1375 | D:2      | Reached XP level 4. HP: 25/32 MP: 5/7
  1433 | D:2      | Identified the +2 hammer of the Kidney {elec, Int-4 Dex+5
                  | Stlth+}
  1438 | D:2      | Found a runed translucent door.
  1439 | D:2      | Noticed Crazy Yiuf
  1463 | D:2      | Killed Crazy Yiuf
  1543 | D:2      | Noticed Natasha
  1560 | D:2      | Killed Natasha
  1561 | D:2      | Reached XP level 5. HP: 30/38 MP: 6/8
  1806 | D:3      | Learned a level 3 spell: Call Canine Familiar
  1930 | D:3      | Killed from afar by an orc wizard

Illustrated notes

Levels and vault maps discovered:
D:1:      dpeg_arrival_tiny_e, layout_basic, nicolae_kite_square_tiling_tiny
D:2:      layout_rooms, uniq_robin, uniq_natasha, uniq_crazy_yiuf_cottage
D:3:      minmay_roachtagon, layout_loops_ring, corexii_corridor_pit,
          minmay_distorted

Skill      XL: |  1  2  3  4  5 |
---------------+----------------+-----
Dodging        | 3 |  3.9
Fighting       | 1 2 |  2.1
Armour         | 1 2 |  2.0
Stealth        | |  2.1
Spellcasting   | |  2.7
Summonings     | |  4.6

Action                     |  1- 3 |  4- 6 || total
---------------------------+-------+-------++-------
  Melee: Unarmed           |    68 |     7 ||    75
         Whip              |    50 |       ||    50
         Punch             |     1 |       ||     1
         Mace              |       |    34 ||    34
   Cast: Summon Small Mamm |     7 |       ||     7
         Call Imp          |    11 |     6 ||    17
    Use: Potion            |       |     2 ||     2
   Stab: Sleeping          |     6 |     1 ||     7
         Distracted        |     1 |     1 ||     2
 Armour: Leather armour    |    15 |       ||    15
         Robe              |     1 |       ||     1
         Ring mail         |    10 |    33 ||    43
         Skin              |       |     1 ||     1
  Dodge: Dodged            |    83 |    38 ||   121

Table legend: (Time is in decaauts)
 A = Elapsed time spent in this place.
 B = Non-inter-level travel time spent in this place.
 C = Inter-level travel time spent in this place.
 D = Time resting spent in this place.
 E = Time spent auto-exploring this place.
 F = Levels seen in this place.
 G = Mean time per level.
                   A        B        C        D        E       F      G
               +--------+--------+--------+--------+--------+-----+--------+
         Total |   1945 |   1919 |     26 |    274 |   1063 |   3 |  648.3 |
       Dungeon |   1945 |   1919 |     26 |    274 |   1063 |   3 |  648.3 |
               +--------+--------+--------+--------+--------+-----+--------+

Top non-repeatable levels by time:
     D:1: 912 daAuts
     D:2: 868 daAuts
     D:3: 164 daAuts
